 Dungeon Crawl Stone Soup version 0.23.1-37-gaa34b87b72 (webtiles) character file.

Game seed: 15116213086128702277

357509 PikkenKukken the Hill Orc Catastrophe (level 22, -4/211 HPs)
             Began as a Hill Orc Monk on Mar 22, 2019.
             Was an Elder of Qazlal.
             Killed from afar by a frost giant (17 damage)
             ... with a bolt of cold
             ... on level 5 of the Vaults.
             The game lasted 02:02:20 (50536 turns).

PikkenKukken the Hill Orc Catastrophe (HOMo)       Turns: 50536, Time: 02:02:20

Health: -4/211     AC: 32    Str: 26    XL:     22   Next: 36%
Magic:  36/36      EV: 10    Int: 14    God:    Qazlal [****..]
Gold:   3930       SH: 19    Dex: 17    Spells: 21/21 levels left

rFire    . . .     SeeInvis .   f - +9 broad axe (vamp)
rCold    . . .     Gourm    .   S - +2 shield
rNeg     . . .     Faith    .   Q - +0 crystal plate armour
rPois    .         Spirit   .   G - -1 helmet "Ethrem" {-Cast rElec rCorr Stlth+}
rElec    +         Reflect  .   N - +1 cloak "Ypsiaw" {Int+4}
rCorr    +         Harm     .   o - +2 pair of gloves
MR       ++...     NoCast   +   P - +0 pair of boots
Stlth    ..........             a - amulet of rage
HPRegen  0.45/turn              B - +6 ring of strength
MPRegen  0.25/turn              U - ring of protection from magic

@: heavily drained, repel missiles
A: no striking features
}: 2/15 runes: serpentine, barnacled
a: Upheaval, Elemental Force, Renounce Religion, Evoke Berserk Rage


You were on level 5 of the Vaults.
You worshipped Qazlal.
Qazlal was greatly pleased with you.
You were not hungry.

You visited 8 branches of the dungeon, and saw 39 of its levels.
You visited the Abyss 1 time.

You collected 4471 gold pieces.
You spent 541 gold pieces at shops.

Inventory:

Hand Weapons
 f - a +9 vampiric broad axe (weapon)
 i - a +2 broad axe of electrocution
Armour
 o - a +2 pair of gloves (worn)
 G - the -1 helmet "Ethrem" (worn) {-Cast rElec rCorr Stlth+}
   (You acquired it on level 10 of the Dungeon)

   It insulates you from electricity.
   It prevents spellcasting.
   It provides partial protection from all sources of acid and corrosion.
   It makes you more stealthy.
 N - the +1 cloak "Ypsiaw" (worn) {Int+4}
   (You found it on level 6 of the Lair of Beasts)

   It affects your intelligence (+4).
 P - a +0 pair of boots (worn)
 Q - a +0 crystal plate armour (worn)
 S - a +2 shield (worn)
Jewellery
 a - an amulet of rage (around neck)
 d - an uncursed ring of see invisible
 l - a +5 ring of strength
 s - an uncursed ring of protection from fire
 x - an uncursed ring of resist corrosion
 B - a +6 ring of strength (left hand)
 D - an uncursed ring of positive energy
 E - a +6 amulet of reflection
 U - a ring of protection from magic (right hand)
Wands
 m - a wand of acid (20)
 p - a wand of paralysis (44)
 I - a wand of flame (34)
 T - a wand of digging (12)
Scrolls
 b - 3 scrolls of fear
 e - 5 scrolls of teleportation
 g - 22 scrolls of remove curse
 j - 5 scrolls of magic mapping
 n - 4 scrolls of blinking
 r - a scroll of summoning
 w - 3 scrolls of fog
 y - 10 scrolls of identify
 A - a scroll of enchant armour
 H - a scroll of enchant weapon
 Y - 2 scrolls of silence
Potions
 h - 2 potions of agility
 q - 14 potions of curing
 t - 8 potions of flight
 v - 6 potions of haste
 C - 7 potions of mutation
 F - 5 potions of heal wounds
 J - 3 potions of invisibility
 L - 2 potions of magic
 M - 4 potions of cancellation
 O - a potion of resistance
 R - a potion of berserk rage
 V - 4 potions of might
Miscellaneous
 W - a phantom mirror
Comestibles
 c - 42 rations


   Skills:
 + Level 20.6(16.5) Fighting
 - Level 18.8(14.8) Axes
 + Level 19.0(15.0) Armour
 - Level 14.4(10.8) Dodging
 - Level 1.5(0.0) Stealth
 + Level 9.0(5.9) Shields
 + Level 21.5(17.4) Invocations
 - Level 5.0(2.1) Evocations


You had 21 spell levels left.
You didn't know any spells.
Your spell library contained the following spells:

 Spells                   Type           Power        Failure   Level  Hunger
 Animate Skeleton         Necr           N/A          100%        1    ##.....
 Apportation              Tloc           #.....       100%        1    ##.....
 Confusing Touch          Hex            #.....       100%        1    ##.....
 Flame Tongue             Conj/Fire      #....        100%        1    ##.....
 Magic Dart               Conj           #...         100%        1    ##.....
 Sandblast                Erth           #.....       100%        1    ##.....
 Summon Small Mammal      Summ           #...         100%        1    ##.....
 Blink                    Tloc           N/A          100%        2    ###....
 Call Imp                 Summ           #.......     100%        2    ###....
 Passwall                 Tmut/Erth      #.......     100%        2    ###....
 Searing Ray              Conj           #.....       100%        2    ###....
 Slow                     Hex            #.......     100%        2    ###....
 Sublimation of Blood     Necr           #.........   100%        2    ###....
 Throw Flame              Conj/Fire      #.....       100%        2    ###....
 Confuse                  Hex            #.......     100%        3    ####...
 Conjure Flame            Conj/Fire      #.......     100%        3    ####...
 Dazzling Spray           Conj/Hex       #.....       100%        3    ####...
 Gell's Gravitas          Tloc           #.........   100%        3    ####...
 Ignite Poison            Fire/Tmut/Pois #.......     100%        3    ####...
 Inner Flame              Hex/Fire       #.......     100%        3    ####...
 Mephitic Cloud           Conj/Pois/Air  #.......     100%        3    ####...
 Static Discharge         Conj/Air       #.......     100%        3    ####...
 Force Lance              Conj/Tloc      #.......     100%        4    #####..
 Fulminant Prism          Conj/Hex       #.........   100%        4    #####..
 Iskenderun's Mystic Bla  Conj           #.......     100%        4    #####..
 Leda's Liquefaction      Hex/Erth       #.........   100%        4    #####..
 Petrify                  Tmut/Erth      #.......     100%        4    #####..
 Sticky Flame             Conj/Fire      #.......     100%        4    #####..
 Alistair's Intoxication  Tmut/Pois      #.......     100%        5    ######.
 Fireball                 Conj/Fire      #.........   100%        5    ######.
 Irradiate                Conj/Tmut      #.........   100%        5    ######.
 Lightning Bolt           Conj/Air       #.........   100%        5    ######.
 Metabolic Englaciation   Hex/Ice        #.........   100%        5    ######.
 Yara's Violent Unravell  Hex/Tmut       #.........   100%        5    ######.
 Iron Shot                Conj/Erth      #.........   100%        6    #######
 Statue Form              Tmut/Erth      #........    100%        6    #######
 Ignition                 Fire           #.........   100%        8    #######
 Shatter                  Erth           #.........   100%        9    #######
 Tornado                  Air            #.........   100%        9    #######


Dungeon Overview and Level Annotations

Branches:
Dungeon (15/15)            Temple (1/1) D:6            Lair (6/6) D:11
 Shoals (4/4) Lair:4        Snake (4/4) Lair:4        Slime (0/5) Lair:5
    Orc (2/2) D:10            Elf (2/3) Orc:2        Vaults (5/5) D:13
  Crypt (0/3) Vaults:3     Depths (0/5) D:15

Altars:
Ashenzari
Cheibriados
Dithmenos
Elyvilon
Fedhas
Gozag
Hepliaklqana
Kikubaaqudgha
Makhleb
Nemelex Xobeh
Okawaru
Qazlal
Ru
Sif Muna
Trog
Uskayaw
Vehumet
Wu Jian
Xom
Yredelemnul
Zin
The Shining One
Beogh
Jiyva

Shops:
D:9 (   D:15 (:}   Orc:2 (?}:   Elf:1 :   Elf:2 ?   Shoals:1 (   Shoals:3 *
Vaults:3 (

Annotations:
Lair:1 exclusion: 2 oklob plants
Lair:3 2 transporters, exclusion: oklob plant, Ozecw's ghost, journeyman DsFi
Lair:6 2 runed translucent doors
Vaults:2 Mara


Message History

The frost giant is heavily wounded.
The frost giant casts a spell at you. The bolt of cold hits you!!
* * * LOW HITPOINT WARNING * * *
You slash the frost giant!
You feel better.
The frost giant is severely wounded.
The frost giant points at you and mumbles some strange words.
The bolt of cold hits you!!
* * * LOW HITPOINT WARNING * * *
Your shield and crystal plate armour prevent you from hitting the frost giant.
The frost giant is severely wounded.
The frost giant gestures at you while chanting.
The bolt of cold hits you!!
* * * LOW HITPOINT WARNING * * *
A deep troll comes into view.
You slash the frost giant!
You feel better.
The frost giant is severely wounded.
The frost giant points at you and mumbles some strange words.
The bolt of cold hits you!
You die...

,*,**,,,,,,,**,*..,,,*,,,,*,,,,*,
,*,,*********,,#.#**,*,,,,*,,,*,,
,**,,,,,,,,,,,##.# *,*,,,,*,,*,,,
,,***###.######..###.#,,,,*,,*,,,
,,,,,......[.).......#,,,,*,,**,,
,***,*##.###)###.###.#,,,,*,,***,
,* *,* *,* #.# #.#**,#,,,,*,,****
,***,*##.###.###.##..#T.,,*,,,,,,
,,,,,...........@C......,,,,,,,,,
*****###############....,,,,*****
,,,,,,,,,,,,,,,,,,,,,,,.,,,,,,,,,
,,,,,,,,,,,,,,,,,,,,,,,,,,,,,,,,,
*********************************


You could see a frost giant and a deep troll.

Vanquished Creatures
  Bai Suzhen (Shoals:3)
  Nikola (Vaults:2)
  A golden dragon (Vaults:4)
  Rupert (D:15)
  A deep elf blademaster (Elf:2)
  2 titans
  Polyphemus (Shoals:3)
  A kraken (Shoals:1)
  A tengu reaver (Vaults:4)
  3 shadow dragons
  A sphinx (Vaults:1)
  An ancient champion (Vaults:3)
  Roxanne (Shoals:1)
  Donald (Shoals:1)
  10 nagarajas
  2 frost giants
  A deep elf sorcerer (Vaults:5)
  9 vault wardens
  An orc warlord (Orc:2)
  6 ironheart preservers
  A ghoul (Vaults:3)
  3 war gargoyles (Vaults:5)
  Nessos (Lair:3)
  6 stone giants
  A deep elf annihilator (Elf:1)
  2 deep elf death magi
  3 ettins
  Snorg (Lair:3)
  8 merfolk impalers
  4 merfolk javelineers (Shoals:4)
  A jiangshi (Vaults:3)
  3 deep elf high priests
  2 fire dragons
  9 yaktaur captains
  A great orb of eyes (Vaults:1)
  9 slime creatures
  Erolcha (Orc:2)
  A rakshasa (Vaults:1)
  27 vault guards
  4 ice dragons (Vaults:1)
  12 naga warriors
  7 hydras
  7 anacondas
  Erica (D:10)
  4 centaur warriors
  24 dancing weapons
  2 alligator snapping turtles
  A catoblepas (Shoals:3)
  34 two-headed ogres
  A death knight (Vaults:1)
  4 satyrs
  3 deep troll shamans
  9 ogre magi
  3 merfolk aquamancers (Shoals:4)
  A vampire mage (Vaults:3)
  3 deep troll earth magi
  5 death yaks
  11 shock serpents
  20 naga sharpshooters
  12 deep elf knights
  2 shadow wraiths (Vaults:3)
  3 hell knights (Vaults:2)
  4 skeletal warriors (D:12)
  2 glowing orange brains
  A flayed ghost (Vaults:1)
  12 sea snakes
  Pikel (D:7)
  4 naga ritualists
  3 unseen horrors
  8 deep elf archers
  13 deep trolls
  8 harpies
  10 ironbrand convokers
  2 lindwurms (shapeshifter)
  A lindwurm (Lair:6)
  A shadow dragon zombie (Vaults:3)
  3 wizards
  A tengu zombie (Vaults:3)
  11 orc sorcerers
  6 mana vipers
  7 orc knights
  A wolf spider (Vaults:1)
  5 necromancers
  8 cyclopes
  47 deep elf magi
  15 manticores
  13 fauns
  39 ugly things
  2 large abominations (Abyss:2)
  A centaur zombie (D:15)
  6 salamanders
  4 merfolk sirens
  A guardian serpent (Snake:4)
  11 elephants (Lair:5)
  29 naga magi
  28 black mambas
  A smoke demon (Abyss:2)
  11 water nymphs
  Joseph (D:9)
  A guardian serpent (shapeshifter) (Vaults:2)
  A gargoyle (D:12)
  16 vault sentinels
  2 molten gargoyles (Lair:6)
  9 spiny frogs
  29 yaktaurs
  A demonic crawler (Abyss:2)
  An efreet (D:14)
  3 rime drakes (Lair:5)
  A kobold demonologist (D:14)
  10 komodo dragons
  3 freezing wraiths
  7 trolls
  A jumping spider (Vaults:3)
  14 wind drakes
  22 merfolk
  A polar bear (shapeshifter) (D:15)
  A queen bee (shapeshifter) (Vaults:2)
  A polar bear (Lair:6)
  A hornet (D:12)
  3 meliai (D:15)
  An ettin zombie (Vaults:3)
  6 snapping turtles
  13 hippogriffs
  2 meliai zombies (D:13)
  3 dream sheep (Shoals:4)
  4 air elementals
  5 flying skulls (Abyss:2)
  11 wyverns
  A tarantella (shapeshifter) (Vaults:4)
  A vampire (D:10)
  10 water elementals
  4 shadows
  A ynoxinul (Abyss:2)
  A human (D:7)
  3 hogs (D:7)
  2 wraiths
  33 yaks
  9 vampire mosquitoes
  3 human simulacra (Vaults:3)
  A chaos spawn (Abyss:2)
  8 basilisks
  3 steam dragons
  3 wargs (Orc:2)
  3 insubstantial wisps (Abyss:2)
  43 nagas
  An acid dragon (D:14)
  A soldier ant (D:14)
  10 water moccasins
  A soldier ant (shapeshifter) (Vaults:3)
  7 porcupines
  4 hell hounds (Lair:6)
  6 ice beasts
  4 sky beasts
  A slave (D:7)
  3 necrophages
  27 orc warriors
  5 phantoms
  3 black bears
  An ettin simulacrum (Vaults:1)
  9 wolves
  5 boggarts (D:15)
  22 ogres
  22 centaurs
  20 crocodiles
  4 big kobolds
  23 bullfrogs
  An elf skeleton (D:8)
  An earth elemental (Elf:2)
  A wyvern skeleton (D:7)
  4 scorpions
  A troll zombie (D:8)
  8 killer bees
  21 wights
  2 howler monkeys (D:8)
  2 electric eels (Snake:1)
  2 bullfrog zombies
  A small abomination (Abyss:2)
  6 crimson imps
  5 lava snakes (Lair:6)
  A quasit (D:8)
  2 bullfrog skeletons
  9 hounds
  6 jellies
  8 centaur skeletons
  2 human zombies
  18 orc priests
  A gnoll shaman (D:5)
  41 orc wizards
  A human skeleton (D:8)
  6 iguanas
  12 worker ants
  2 hound skeletons
  4 mummies (D:8)
  2 worker ant zombies
  8 gnolls
  8 adders
  A howler monkey skeleton (D:6)
  3 shadow imps
  2 oozes (D:3)
  3 worms
  4 dart slugs
  5 leopard geckos
  103 orcs
  2 ball pythons
  7 bats
  2 giant cockroaches
  5 goblins
  6 hobgoblins
  9 jackals
  22 kobolds
  A quokka (D:7)
  5 frilled lizards
  A leopard gecko zombie (D:7)
  2 orc zombies (D:8)
  2 quokka skeletons
  5 rats
  A butterfly (Lair:1)
  5 fungi
  11 plants
  4 tentacles (Shoals:1)
1502 creatures vanquished.

Vanquished Creatures (collateral kills)
  Margery (Vaults:2)
  A two-headed ogre (D:10)
  A necromancer (Vaults:2)
3 creatures vanquished.

Vanquished Creatures (others)
  A fire giant (Vaults:3)
  An ironheart preserver (Vaults:3)
  An entropy weaver (Vaults:3)
  A centaur warrior (D:14)
  A deep elf knight (Elf:2)
  A deep elf archer (Vaults:3)
  A mana viper (shapeshifter) (Vaults:5)
  A guardian serpent (Snake:2)
  6 yaktaurs
  A swamp drake (D:10)
  An orc wizard (Orc:2)
  3 orcs
  A quokka (D:14)
  4 fungi
  10 plants
  2 starspawn tentacles (Abyss:2)
  3 tentacles (Shoals:1)
39 creatures vanquished.

Grand Total: 1544 creatures vanquished

Notes
Turn   | Place    | Note
-------+----------+-------------------------------------------
     0 | D:1      | PikkenKukken the Hill Orc Monk began the quest for the Orb.
     0 | D:1      | Reached XP level 1. HP: 19/19 MP: 1/1
   244 | D:1      | HP: 1/20 [leopard gecko (2)]
   246 | D:1      | Reached XP level 2. HP: 2/27 MP: 2/2
   606 | D:1      | Reached skill level 1 in Armour
   692 | D:1      | Reached XP level 3. HP: 33/33 MP: 3/3
  1361 | D:2      | Reached skill level 5 in Axes
  1405 | D:2      | Noticed a centaur
  1406 | D:2      | Found a shimmering altar of Xom.
  1429 | D:2      | Killed a centaur
  1429 | D:2      | Reached skill level 1 in Shields
  1429 | D:2      | Reached XP level 4. HP: 15/41 MP: 4/4
  1429 | D:2      | Reached XP level 5. HP: 17/47 MP: 5/5
  1652 | D:2      | Found a shimmering altar of Xom.
  2266 | D:3      | You fall through a shaft for 2 floors!
  2266 | D:5      | Entered Level 5 of the Dungeon
  2366 | D:4      | Found a shattered altar of Ashenzari.
  2373 | D:4      | Reached XP level 6. HP: 52/53 MP: 6/6
  2644 | D:3      | Found a blossoming altar of Fedhas.
  2947 | D:4      | Noticed a phantom
  2966 | D:4      | Killed a phantom
  2966 | D:4      | Reached skill level 5 in Fighting
  2966 | D:4      | Reached XP level 7. HP: 58/61 MP: 7/7
  3881 | D:6      | Found a deep blue altar of Sif Muna.
  4069 | D:6      | Found a glowing silver altar of Zin.
  4138 | D:6      | Found a staircase to the Ecumenical Temple.
  4155 | Temple   | Entered the Ecumenical Temple
  4323 | Temple   | Became a worshipper of Qazlal Stormbringer
  4323 | Temple   | Reached * piety under Qazlal
  4323 | Temple   | Reached ** piety under Qazlal
  4355 | D:6      | Reached XP level 8. HP: 59/69 MP: 8/8
  4841 | D:5      | Reached skill level 1 in Invocations
  5160 | D:5      | Reached skill level 2 in Invocations
  5172 | D:5      | Got a blackened buckler
  5183 | D:5      | Identified the +3 buckler "Ibecych" {Str+4} (You found it
                  | on level 5 of the Dungeon)
  5510 | D:7      | Noticed a yak
  5524 | D:7      | Reached skill level 3 in Invocations
  5524 | D:7      | Reached XP level 9. HP: 71/78 MP: 2/11
  5537 | D:7      | Reached skill level 5 in Armour
  5666 | D:7      | Reached skill level 10 in Axes
  5761 | D:7      | Reached skill level 4 in Invocations
  5793 | D:7      | Found a burning altar of Makhleb.
  5884 | D:7      | Noticed Pikel
  5890 | D:7      | Killed Pikel
  5890 | D:7      | Reached skill level 5 in Dodging
  6176 | D:8      | Reached skill level 5 in Invocations
  6293 | D:8      | Reached XP level 10. HP: 86/86 MP: 13/13
  6438 | D:8      | Found an ancient bone altar of Kikubaaqudgha.
  7105 | D:9      | Noticed Joseph
  7113 | D:9      | Killed Joseph
  7113 | D:9      | Reached skill level 6 in Invocations
  7306 | D:9      | Noticed a white ugly thing
  7319 | D:9      | Killed a white ugly thing
  7905 | D:9      | Found Peps's Antique Weapon Shoppe.
  7972 | D:9      | Found a glowing golden altar of the Shining One.
  7974 | D:9      | Found an ornate altar of the Wu Jian Council.
  7977 | D:9      | Found an opulent altar of Gozag.
  7978 | D:9      | Found a shadowy altar of Dithmenos.
  8085 | D:10     | Entered Level 10 of the Dungeon
  8149 | D:10     | Reached skill level 7 in Invocations
  8149 | D:10     | Reached XP level 11. HP: 81/95 MP: 16/16
  8243 | D:10     | Identified a scroll of acquirement
  8246 | D:10     | Got a fine helmet
  8257 | D:10     | Identified the -1 helmet "Ethrem" {-Cast rElec rCorr
                  | Stlth+} (You acquired it on level 10 of the Dungeon)
  8257 | D:10     | Found a basalt altar of Yredelemnul.
  8300 | D:10     | Noticed Erica
  8322 | D:10     | Killed Erica
  8427 | D:10     | Found a staircase to the Orcish Mines.
  8779 | D:10     | Reached *** piety under Qazlal
  9323 | D:11     | Noticed a death yak
  9594 | D:11     | Noticed a manticore
  9600 | D:11     | Killed a manticore
  9600 | D:11     | Reached skill level 8 in Invocations
  9625 | D:11     | Killed a death yak
  9665 | D:11     | Noticed a red ugly thing
  9675 | D:11     | Noticed a two-headed ogre
  9710 | D:10     | Killed a two-headed ogre
 10108 | D:11     | Killed a red ugly thing
 10331 | D:11     | Found a staircase to the Lair.
 10586 | D:11     | Noticed a two-headed ogre
 10593 | D:11     | Killed a two-headed ogre
 10593 | D:11     | Reached skill level 10 in Fighting
 10593 | D:11     | Reached XP level 12. HP: 92/106 MP: 18/18
 10877 | Lair:1   | Entered Level 1 of the Lair of Beasts
 10949 | Lair:1   | Reached skill level 9 in Invocations
 11697 | Lair:2   | Noticed a four-headed hydra
 11700 | Lair:2   | Killed a four-headed hydra
 11807 | Lair:2   | Reached skill level 15 in Axes
 12655 | Lair:2   | Reached skill level 10 in Invocations
 13611 | Lair:3   | Noticed Snorg
 13621 | Lair:3   | Killed Snorg
 13766 | Lair:3   | Noticed an eight-headed hydra
 13780 | Lair:3   | Found a transporter.
 13787 | Lair:3   | Noticed Ozecw's ghost (journeyman DsFi)
 13799 | Lair:3   | Found a transporter.
 14125 | Lair:3   | Noticed a seven-headed hydra
 14128 | Lair:3   | Killed a seven-headed hydra
 14128 | Lair:3   | Reached XP level 13. HP: 116/116 MP: 11/20
 14733 | Lair:4   | Noticed Nessos
 14751 | Lair:3   | Killed Nessos
 14932 | Lair:4   | Found a staircase to the Snake Pit.
 15151 | Lair:4   | Found a staircase to the Shoals.
 16025 | Lair:5   | Reached skill level 10 in Armour
 16147 | Lair:5   | Reached skill level 11 in Invocations
 16424 | Lair:5   | Found a viscous altar of Jiyva.
 16424 | Lair:5   | Found a staircase to the Slime Pits.
 17218 | Lair:6   | Entered Level 6 of the Lair of Beasts
 17646 | Lair:6   | Reached skill level 12 in Invocations
 17854 | Lair:6   | Got a warped cloak
 17899 | Lair:6   | Identified the +1 cloak "Ypsiaw" {Int+4} (You found it on
                  | level 6 of the Lair of Beasts)
 18261 | Lair:6   | Reached XP level 14. HP: 55/127 MP: 23/23
 19217 | Lair:6   | Found a large runed translucent door.
 19218 | Lair:6   | Found a large runed translucent door.
 19513 | Orc:1    | Entered Level 1 of the Orcish Mines
 19779 | Orc:2    | Entered Level 2 of the Orcish Mines
 20538 | Orc:2    | Noticed an orc warlord
 20597 | Orc:2    | Killed an orc warlord
 20895 | Orc:2    | Found a staircase to the Elven Halls.
 20956 | Orc:2    | Paralysed by an orc sorcerer for 6 turns
 21044 | Orc:2    | Found a roughly hewn altar of Beogh.
 21330 | Orc:2    | Reached skill level 13 in Invocations
 21359 | Orc:2    | Found an ancient bone altar of Kikubaaqudgha.
 21364 | Orc:2    | Found Qoryng's Book Boutique.
 21416 | Orc:2    | Noticed Erolcha
 21420 | Orc:2    | Killed Erolcha
 21435 | Orc:2    | Found a roughly hewn altar of Beogh.
 21435 | Orc:2    | Found Wuomup Mung's Gadget Boutique.
 21448 | Orc:2    | Paralysed by an orc sorcerer for 2 turns
 21461 | Orc:2    | Found Siliwk's Magic Scroll Shop.
 21471 | Orc:2    | Found Imeam's Antique Weapon Shop.
 21513 | Orc:2    | Found a radiant altar of Vehumet.
 22535 | D:12     | Reached **** piety under Qazlal
 22871 | D:12     | Reached skill level 10 in Dodging
 23670 | D:13     | Reached XP level 15. HP: 61/137 MP: 25/25
 24474 | D:13     | Found a gate to the Vaults.
 24778 | D:14     | Cast into level 2 of the Abyss (a wizard)
 24791 | Abyss:2  | Noticed a balrug
 24873 | Abyss:2  | Reached skill level 14 in Invocations
 24948 | Abyss:2  | Noticed a tentacled starspawn
 25009 | D:14     | Escaped the Abyss
 25363 | D:14     | Found a white marble altar of Elyvilon.
 26187 | D:15     | Entered Level 15 of the Dungeon
 26802 | D:15     | Noticed Rupert
 26809 | D:15     | Killed Rupert
 26855 | D:15     | Found a glowing golden altar of the Shining One.
 26913 | D:15     | Found Botepefi's Gadget Shoppe.
 27010 | D:15     | Found Muskeyroe's Book Boutique.
 27101 | D:15     | Found a staircase to the Depths.
 27142 | D:15     | Found Bojirel's Antique Weapon Emporium.
 27150 | D:15     | Bought a glowing war axe for 208 gold pieces
 27451 | Snake:1  | Entered Level 1 of the Snake Pit
 27463 | Snake:1  | Noticed a nagaraja
 27490 | Snake:1  | Killed a nagaraja
 27490 | Snake:1  | Reached skill level 15 in Invocations
 27857 | Snake:1  | Reached XP level 16. HP: 109/147 MP: 27/27
 28154 | Snake:1  | Reached skill level 15 in Fighting
 28825 | Snake:2  | Noticed a nagaraja
 28830 | Snake:2  | Reached skill level 1 in Evocations
 28845 | Snake:2  | Killed a nagaraja
 30258 | Snake:3  | Noticed a nagaraja
 30275 | Snake:3  | Killed a nagaraja
 30337 | Snake:3  | Reached skill level 16 in Invocations
 30900 | Snake:3  | Noticed a nagaraja
 30910 | Snake:3  | Killed a nagaraja
 31310 | Snake:4  | Entered Level 4 of the Snake Pit
 31412 | Snake:4  | Noticed a nagaraja
 31421 | Snake:4  | Killed a nagaraja
 31424 | Snake:4  | Reached XP level 17. HP: 136/158 MP: 22/29
 32161 | Snake:4  | Found a shattered altar of Ashenzari.
 32262 | Snake:4  | Reached skill level 5 in Evocations
 33281 | Snake:4  | Reached skill level 15 in Armour
 33653 | Snake:4  | Reached skill level 17 in Invocations
 34300 | Snake:4  | Got a serpentine rune of Zot
 34757 | Shoals:1 | Entered Level 1 of the Shoals
 34783 | Shoals:1 | Identified Roxanne's Volume of the Mountains
 34783 | Shoals:1 | Noticed Roxanne
 35014 | Vaults:1 | Entered Level 1 of the Vaults
 35023 | Vaults:1 | Noticed a sphinx
 35045 | Vaults:1 | Killed a sphinx
 35373 | Vaults:1 | Reached XP level 18. HP: 168/168 MP: 30/30
 37089 | Vaults:2 | Reached skill level 18 in Invocations
 37145 | Vaults:2 | Reached ***** piety under Qazlal
 37621 | Vaults:2 | Noticed Nikola
 37660 | Vaults:2 | Killed Nikola
 37964 | Vaults:2 | Noticed Margery
 37985 | Vaults:2 | Killed Margery
 38584 | Vaults:2 | Reached XP level 19. HP: 179/179 MP: 32/32
 38594 | Vaults:2 | Noticed Mara
 38597 | Vaults:2 | Noticed PikkenKukken's illusion
 39419 | Vaults:3 | Found Miroisko's Antique Weapon Boutique.
 39717 | Vaults:3 | Found a staircase to the Crypt.
 40206 | Vaults:3 | Reached skill level 19 in Invocations
 40778 | Vaults:4 | Paralysed by an ogre mage for 2 turns
 40996 | Vaults:4 | Reached XP level 20. HP: 189/189 MP: 33/33
 42406 | Elf:1    | Entered Level 1 of the Elven Halls
 42458 | Elf:1    | Found Hifizody's Book Shop.
 42513 | Elf:1    | Reached ****** piety under Qazlal
 42575 | Elf:1    | Found a radiant altar of Vehumet.
 43160 | Elf:2    | Found Ruskual's Magic Scroll Boutique.
 43915 | Elf:2    | Found a runed translucent gate.
 43915 | Elf:2    | Found a runed translucent gate.
 43926 | Elf:2    | Found a runed translucent gate.
 44143 | Elf:2    | Reached skill level 20 in Invocations
 45521 | Shoals:1 | Killed Roxanne
 45521 | Shoals:1 | Reached XP level 21. HP: 199/199 MP: 35/35
 45612 | Shoals:1 | Noticed Donald
 45634 | Shoals:1 | Killed Donald
 45866 | Shoals:1 | Found Rifipsaopn's Weapon Shoppe.
 46928 | Shoals:3 | Reached skill level 5 in Shields
 46933 | Shoals:3 | Noticed Bai Suzhen
 46966 | Shoals:3 | Killed Bai Suzhen
 47019 | Shoals:3 | Noticed Polyphemus
 47053 | Shoals:3 | Killed Polyphemus
 47322 | Shoals:3 | Found Bucweaw's Assorted Antiques.
 47357 | Shoals:3 | Bought a potion of might for 116 gold pieces
 47357 | Shoals:3 | Bought a scroll of enchant armour for 217 gold pieces
 47745 | Shoals:4 | Entered Level 4 of the Shoals
 48627 | Shoals:4 | Reached skill level 21 in Invocations
 49015 | Shoals:4 | Got a barnacled rune of Zot
 49815 | Vaults:5 | Entered Level 5 of the Vaults
 49816 | Vaults:5 | Reached XP level 22. HP: 210/210 MP: 36/36
 49840 | Vaults:5 | Noticed a golden dragon
 49858 | Vaults:4 | Killed a golden dragon
 49953 | Vaults:5 | Identified the +7 flail of Vanity {freeze, rElec MR+ Str+3
                  | Int-3}
 49953 | Vaults:5 | Identified the +3 scale mail of Disaster {Dex+3 SInv
                  | Stlth+}
 50536 | Vaults:5 | Killed from afar by a frost giant

Skill      XL: |  1  2  3  4  5  6  7  8  9 10 11 12 13 14 15 16 17 18 19 20 21 22 |
---------------+-------------------------------------------------------------------+-----
Armour         | 1 2 3 4 5 7 8 9 11 12 13 14 15 16 17 18 19 | 19.0
Fighting       | 4 5 6 7 8 10 11 12 13 14 15 16 17 18 19 20 | 20.6
Axes           | 5 6 7 9 11 12 14 15 16 17 18 | 18.8
Shields        | 1 2 3 4 7 9 |  9.0
Dodging        | 3 4 5 6 7 9 10 11 12 13 14 | 14.4
Invocations    | 3 5 7 8 10 12 13 15 16 17 18 19 20 21 | 21.5
Evocations     | 4 5 |  5.0
Stealth        | |  1.5

Action                   |  1- 3 |  4- 6 |  7- 9 | 10-12 | 13-15 | 16-18 | 19-21 | 22-24 || total
-------------------------+-------+-------+-------+-------+-------+-------+-------+-------++-------
Melee: Hand axe          |   146 |    71 |       |       |       |       |       |       ||   217
       War axe           |       |    58 |   266 |   765 |  1403 |  1314 |  1224 |       ||  5030
       Broad axe         |       |       |       |       |       |       |   556 |   113 ||   669
Invok: Upheaval          |       |       |     7 |    15 |    36 |    20 |    24 |     3 ||   105
       Elemental Force   |       |       |       |     2 |     1 |     1 |       |       ||     4
       Disaster Area     |       |       |       |       |       |       |     3 |     2 ||     5
Evoke: Wand              |       |       |       |     2 |     2 |     6 |     7 |     1 ||    18
  Use: Scroll            |     3 |     8 |     6 |     5 |    13 |    13 |    11 |     2 ||    61
       Potion            |       |     1 |       |     1 |     3 |     7 |     3 |     2 ||    17
 Stab: Sleeping          |     2 |       |       |       |       |       |       |       ||     2
       Confused          |       |       |       |     1 |       |       |       |       ||     1
       Paralysed         |       |       |       |       |     7 |       |       |       ||     7
       Distracted        |       |       |       |       |       |       |     1 |       ||     1
  Eat: Chunk             |     2 |     5 |     7 |    19 |    25 |     5 |    17 |       ||    80
       Ration            |       |       |     1 |     2 |     7 |     9 |     8 |     1 ||    28
Armor: Robe              |    10 |       |       |       |       |       |       |       ||    10
       Ring mail         |    29 |       |       |       |       |       |       |       ||    29
       Chain mail        |    17 |    38 |    62 |       |       |       |       |       ||   117
       Plate armour      |       |       |    28 |   217 |   411 |   295 |   294 |       ||  1245
       Fire dragon scale |       |       |       |       |     3 |       |       |       ||     3
       Crystal plate arm |       |       |       |       |       |       |   230 |    82 ||   312
Dodge: Dodged            |    86 |    43 |    99 |   202 |   429 |   426 |   586 |    51 ||  1922
       Deflected         |       |       |       |       |     8 |    47 |    52 |     7 ||   114
Block: Buckler           |    12 |    49 |   117 |   346 |   658 |   763 |   698 |       ||  2643
       Reflection        |       |       |       |       |       |    99 |    32 |       ||   131
       Shield            |       |       |       |       |       |       |   463 |   112 ||   575
